 Dungeon Crawl Stone Soup version 0.30-a0-168-g0b976cbdc4 (webtiles) character file.

Game seed: 2378850037403109343

42 qw the Chopper (level 3, -6/23 HPs)
             Began as a Gargoyle Fighter on Sept 29, 2022.
             Mangled by an iguana (11 damage)
             ... on level 3 of the Dungeon.
             The game lasted 00:00:31 (2212 turns).

qw the Chopper (Gargoyle Fighter)                   Turns: 2212, Time: 00:00:32

Health: -6/23      AC: 11    Str: 21    XL:     3   Next: 54%
Magic:  3/3        EV:  9    Int:  8    God:
Gold:   167        SH:  4    Dex:  9    Spells: 2/2 levels left

rFire   + . .      SeeInvis .    Y - +0 war axe
rCold   + + .      Faith    .    c - +0 buckler
rNeg    + . .      Spirit   .    b - +0 scale mail
rPois   inf        Reflect  .    (no helmet)
rElec   +          Harm     .    p - scarf {rC+ rF+}
rCorr   .          Rampage  .    n - +0 pair of gloves
Will    .....                    (no boots)
Stlth   ..........               (no amulet)
HPRegen 0.07/turn                m - ring of protection from cold
MPRegen 0.08/turn                (no ring)

@: no status effects
A: sickness immunity, AC +3, negative energy resistance 1, electricity
resistance, torment resistance 1, petrification resistance
a: no special abilities


You were on level 3 of the Dungeon.
You visited 1 branch of the dungeon, and saw 3 of its levels.

You collected 167 gold pieces.


Innate Abilities, Weirdness & Mutations

You are immune to sickness and miasma.
Your stone body is resilient. (AC +3)
You are immune to poison.
You resist negative energy. (rN+)
You are resistant to electric shocks. (rElec)
You are resistant to unholy torment.
You are immune to petrification.


   Skills:
 - Level 3.2 Fighting
 + Level 3.4 Axes
 - Level 3.2 Armour
 - Level 3.2 Shields


You had 2 spell levels left.
You didn't know any spells.
Your spell library was empty.

Inventory:

Hand Weapons
 i - a +0 mace
 Y - a +0 war axe (weapon)
Armour
 b - a +0 scale mail (worn)
 c - a +0 buckler (worn)
 n - a +0 pair of gloves (worn)
 p - a scarf of resistance (worn)
Jewellery
 m - a ring of protection from cold (left hand)
Scrolls
 f - a scroll of identify
Potions
 d - a potion of might
 g - 2 potions of curing
 h - a potion of cancellation
 j - a potion of mutation
 k - a potion of resistance {unknown}
 l - a potion of lignification

Dungeon Overview and Level Annotations

Branches:
Dungeon (3/15)

Altars:
Sif Muna


Message History

Enter note: You closely miss the rat.
The rat closely misses you.
You slash the rat!
You kill the rat!
You see here a rat corpse.
An iguana comes into view.
The iguana hisses angrily.
Enter note:
Enter note: You closely miss the iguana.
You slash the plant!
The plant begins to die.
You slash the plant!
The plant begins to die.
The iguana bites you. x2
You hit the iguana but do no damage. You hit the plant. x2
You block the iguana's attack.
You hit the iguana.
The iguana is lightly wounded.
You slash the plant! You hit the plant.
A nearby plant withers and dies. x2
The iguana hisses menacingly.
The iguana bites you but does no damage.
You hit the iguana.
The iguana is heavily wounded.
The iguana bites you! The iguana bites you.
You barely miss the iguana.
The iguana is heavily wounded.
The iguana closely misses you.
You hit the iguana.
The iguana is severely wounded.
The iguana barely misses you.
You hit the iguana.
The iguana is almost dead.
The iguana bites you but does no damage. x2
You closely miss the iguana.
The iguana is almost dead.
The iguana bites you but does no damage.
You closely miss the iguana.
The iguana is almost dead.
The iguana bites you!
You die... ...................##..# P....PP...P.P....P..##..¤ P.P777..P777P..777..##..~ P.P 7...7 7P..7 ##.¤ P.P777..P777...777. #.~ P.PPPP..PP..P.PP.P..

...~
....................###.~
..........P...P...P.# #.~
P..777..@777P..777..# #.~
7..l7 7...7 P.# 7...7
7..P7 .# ..P... .P....
........ ...... ####...#.
##.. #.#.#.# #......


You could see an iguana.

Vanquished Creatures
  A gnoll (D:1)
  A dart slug (D:2)
  6 ball pythons
  3 endoplasms
  A giant cockroach (D:3)
  4 hobgoblins
  4 jackals (D:1)
  A quokka (D:2)
  2 bats (D:1)
  A kobold (D:2)
  3 rats
27 creatures vanquished.

Vanquished Creatures (others)
  3 plants (D:3)
3 creatures vanquished.

Grand Total: 30 creatures vanquished

Notes
Turn   | Place    | Note
-------+----------+-------------------------------------------
     0 | D:1      | qw the Gargoyle Fighter began the quest for the Orb.
     0 | D:1      | Reached XP level 1. HP: 14/14 MP: 1/1
     0 | D:1      | 0 ||| qw: Version: 0.2-a-12-gaebbb33
     0 | D:1      | 0 ||| qw: Game counter: 1124
     0 | D:1      | 0 ||| qw: Always use a shield: true
     0 | D:1      | 0 ||| qw: God list: Okawaru
     0 | D:1      | 0 ||| qw: Allow faded altars: false
     0 | D:1      | 0 ||| qw: Do Orc after D:15 true
     0 | D:1      | 0 ||| qw: Do second Lair branch before Depths: true
     0 | D:1      | 0 ||| qw: Lair rune preference: random
     0 | D:1      | 0 ||| qw: Plans: Normal, Zot:1-4, God:TSO, Crypt, Tomb,
                  | Pan, Slime:5, Hells, Abyss, Orb
     0 | D:1      | 0 ||| PLANNING D:1-11
   230 | D:1      | 230 ||| Stepping ~*~*~tactically~*~*~ (stealth).
   475 | D:1      | Found a faded altar of an unknown god.
   487 | D:1      | 487 ||| Stepping ~*~*~tactically~*~*~ (stealth).
   500 | D:1      | Reached XP level 2. HP: 19/19 MP: 2/2
   667 | D:1      | Reached skill level 3 in Axes
   667 | D:1      | Reached XP level 3. HP: 20/23 MP: 3/3
  1164 | D:1      | 1164 ||| UPGRADING to +0 pair of gloves.
  1169 | D:1      | 1169 ||| UPGRADING to ring of protection from cold.
  1170 | D:1      | 1170 ||| READING scroll labelled BAVU HYTHREIRCH.
  1171 | D:1      | 1171 ||| READING 2 scrolls labelled RUTUOR YWAL.
  1172 | D:1      | 1172 ||| READING scroll labelled SOFETI XUUG.
  1173 | D:1      | 1173 ||| READING scroll labelled XIHIDONARU.
  1885 | D:2      | 1885 ||| UPGRADING to scarf of resistance.
  1890 | D:2      | 1890 ||| READING scroll labelled PUALOD ABBYF.
  1891 | D:2      | 1891 ||| READING scroll labelled TONLELOLEU.
  1892 | D:2      | 1892 ||| DRINKING 2 bubbling clear potions.
  1997 | D:2      | 1997 ||| DRINKING 3 white potions.
  1998 | D:2      | 1998 ||| DRINKING 2 ruby potions.
  2032 | D:2      | 2032 ||| READING 3 scrolls of identify.
  2032 | D:2      | 2032 ||| IDENTIFYING cyan potion
  2033 | D:2      | 2033 ||| READING 2 scrolls of identify.
  2033 | D:2      | 2033 ||| IDENTIFYING murky purple potion
  2034 | D:2      | 2034 ||| DROPPING potion of berserk rage.
  2120 | D:3      | Found a shimmering blue altar of Sif Muna.
  2207 | D:3      | HP: 4/23 [iguana (3)]
  2212 | D:3      | Mangled by an iguana

Levels and vault maps discovered:
D:1:      lemuel_arrival_river_bridge, layout_basic,
          shapermc_ecumenical_altar_totnotflames
D:2:      layout_loops_ring, serial_bayou_crossing
D:3:      layout_loops_cross, mainiacjoe_overflow_small_starburst,
          mainiacjoe_overflow_catwalk_spiral, kennysheep_boxes

Skill      XL: |  1  2 |
---------------+-------+-----
Axes           | 2 3 |  3.4
Fighting       | |  3.2
Armour         | |  3.2
Shields        | |  3.2

Action                   || total
-------------------------++-------
Melee: War axe           ||    82
  Use: Scroll            ||     8
       Potion            ||     3
Armor: Scale mail        ||    33
Dodge: Dodged            ||    36
Block: Buckler           ||     9

Table legend:
 A = Non-vault XP
 B = Vault XP
 C = Vault XP percentage of total XP
 D = Non-vault monster count
 E = Vault monster count
 F = Vault count percentage of total count
                 A         B        C        D         E       F
            +---------+---------+-------+---------+---------+-------
      Total |      60 |       0 |   0.0 |      27 |       0 |   0.0
            +---------+---------+-------+---------+---------+-------
        D:1 |      35 |       0 |   0.0 |      12 |       0 |   0.0
        D:2 |      20 |       0 |   0.0 |      12 |       0 |   0.0
        D:3 |       5 |       0 |   0.0 |       3 |       0 |   0.0
            +---------+---------+-------+---------+---------+-------
